 Dungeon Crawl Stone Soup version 0.19.1-1-g22dce08 (webtiles) character file.

406337 RedPan the Fencer (level 22, -17/185 HPs)
             Began as a Demonspawn Gladiator on Dec 31, 2016.
             Was an Elder of Okawaru.
             Killed from afar by a fire giant (20 damage)
             ... with a fireball
             ... on level 2 of the Depths on Jan 4, 2017.
             The game lasted 03:25:14 (57454 turns).

RedPan the Fencer (Demonspawn Gladiator)           Turns: 57454, Time: 03:25:15

Health: -17/185    AC: 42    Str: 20    XL:     22   Next: 6%
Magic:  31/31      EV: 33    Int: 10    God:    Okawaru [****..]
Gold:   3479       SH: 17    Dex: 31    Spells: 0 memorised, 21 levels left

rFire  + . .     SeeInvis .     n - +4 double sword (protect)
rCold  . . .     Gourm    .     F - +3 ring mail of Zemeim {rF+ rCorr Dex+4 Stlth+}
rNeg   . . .     Faith    .     y - +2 buckler {AC+3}
rPois  .         Spirit   .     c - +1 hat {MR+}
rElec  .         Reflect  +     E - +1 cloak {+Inv}
rCorr  +         Harm     .     P - +2 pair of gloves {Dex+3}
MR     ++...                    G - +2 pair of boots {Fly}
Stlth  +++++++...               f - +4 amulet of reflection
                                s - +5 ring of protection
                                J - +5 ring of dexterity

@: heroism, protection aura, flying, very slightly contaminated, hasted, very
quick
A: talons 2, yellow scales 3, demonic guardian 1, nightstalker 3, augmentation 2
a: Heroism, Renounce Religion, Evoke Invisibility, Stop Flying
}: 3/15 runes: barnacled, silver, gossamer


You were on level 2 of the Depths.
You worshipped Okawaru.
Okawaru was greatly pleased with you.
You were hungry.

You visited 8 branches of the dungeon, and saw 39 of its levels.
You also visited: Labyrinth.

You collected 5038 gold pieces.
You spent 1559 gold pieces at shops.

Inventory:

Hand Weapons
 n - a +4 double sword of protection (weapon)
 T - a +4 scimitar of flaming
Armour
 c - a +1 hat of magic resistance (worn)
 i - the +0 hat "Manyjob" {rPois Dex+3}
   (Okawaru gifted it to you on level 4 of the Vaults)

   It affects your dexterity (+3).
   It protects you from poison.
 y - a +2 buckler of protection (worn)
 E - a +1 cloak of invisibility (worn)
 F - the +3 ring mail of Zemeim (worn) {rF+ rCorr Dex+4 Stlth+}
   (Okawaru gifted it to you on level 6 of the Lair of Beasts)

   It affects your dexterity (+4).
   It protects you from fire.
   It protects you from acid and corrosion.
   It makes you more stealthy.
 G - a +2 pair of boots of flying (worn)
 P - a +2 pair of gloves of dexterity (worn)
Jewellery
 f - a +4 amulet of reflection (around neck)
 s - a +5 ring of protection (right hand)
 z - an uncursed ring of protection from fire
 B - an uncursed ring of poison resistance
 D - an uncursed amulet of regeneration
 I - an uncursed ring of positive energy
 J - a +5 ring of dexterity (left hand)
 X - an uncursed ring of see invisible
Wands
 a - a wand of iceblast (2/15)
 d - a wand of digging (10/24)
 j - a wand of acid (4/15)
 L - a wand of heal wounds (0/9)
 U - a wand of teleportation (0/9)
Scrolls
 b - 2 scrolls of magic mapping
 e - a scroll of acquirement
 r - 4 scrolls of enchant armour
 w - 10 scrolls of identify
 x - 24 scrolls of remove curse
 C - 2 scrolls of amnesia
 Q - 2 scrolls of enchant weapon
 V - 5 scrolls of silence
Potions
 g - a potion of resistance
 h - 3 potions of curing
 m - 2 potions of might
 o - a potion of agility
 q - a potion of brilliance
 v - a potion of cure mutation
 A - 2 potions of magic
Books
 H - a Grand Grimoire

   Spells                             Type                      Level
   a - Monstrous Menagerie            Summoning                    7
   b - Summon Greater Demon           Summoning                    7
   c - Malign Gateway                 Summoning/Translocation      7
   d - Summon Horrible Things         Summoning                    8
 K - a book of Conjurations

   Spells                             Type                      Level
   a - Magic Dart                     Conjuration                  1
   b - Searing Ray                    Conjuration                  2
   c - Dazzling Spray                 Conjuration/Hexes            3
   d - Fulminant Prism                Conjuration/Hexes            4
   e - Iskenderun's Mystic Blast      Conjuration                  4
   f - Iskenderun's Battlesphere      Conjuration/Charms           5
 N - a book of Beasts

   Spells                             Type                      Level
   a - Summon Butterflies             Summoning                    1
   b - Call Canine Familiar           Summoning                    3
   c - Summon Ice Beast               Ice/Summoning                4
   d - Summon Mana Viper              Hexes/Summoning              5
   e - Summon Hydra                   Summoning                    7
 R - a book of the Dragon

   Spells                             Type                      Level
   a - Flame Tongue                   Conjuration/Fire             1
   b - Cause Fear                     Hexes                        4
   c - Bolt of Fire                   Conjuration/Fire             6
   d - Dragon Form                    Transmutation                7
   e - Dragon's Call                  Summoning                    9
Comestibles
 k - 13 bread rations
 l - 2 slices of pizza


   Skills:
 - Level 18.3(23.3) Fighting
 - Level 19.0(24.0) Long Blades
 - Level 1.7(6.7) Throwing
 - Level 12.3(17.3) Armour
 + Level 15.2(20.2) Dodging
 - Level 14.1(19.1) Shields
 - Level 10.0 Invocations
 - Level 12.0 Evocations


You had 21 spell levels left.
You didn't know any spells.

Dungeon Overview and Level Annotations

Branches:
Dungeon (15/15)            Temple (1/1) D:5            Lair (6/6) D:8
 Shoals (4/4) Lair:3       Spider (4/4) Lair:2        Slime (0/5) Lair:5
    Orc (2/2) D:11            Elf (0/3) Orc:2        Vaults (5/5) D:14
  Crypt (0/3) Vaults:3     Depths (2/5) D:15

Altars:
Ashenzari
Cheibriados
Dithmenos
Elyvilon
Fedhas
Gozag
Hepliaklqana
Kikubaaqudgha
Makhleb
Nemelex Xobeh
Okawaru
Qazlal
Ru
Sif Muna
Trog
Uskayaw
Vehumet
Xom
Yredelemnul
Zin
The Shining One
Beogh

Shops:
D:5 }   D:8 (   D:9 *   D:11 %   D:12 :   D:14 [   Orc:2 *(=[   Vaults:1 :
Vaults:3 :(   Vaults:4 (

Portals:
Hell: Depths:1 Depths:2
Abyss: Depths:1 Depths:2
Pandemonium: Depths:1

Annotations:
Lair:1 exclusion: hydra
Lair:5 exclusion: hydra
Lair:6 exclusion: hydra
Shoals:2 exclusion: Roxanne, Roxanne


Innate Abilities, Weirdness & Mutations

You have razor-sharp toenails.
You are completely covered in yellow scales. (AC +4, rCorr)
A weak demonic guardian rushes to your aid.
You are completely attuned to the shadows.
Your magical and physical power is enhanced at high health.


Message History

The bolt of fire misses you.
You slice the ice dragon!!
The ice dragon is moderately wounded.
The ice dragon breathes frost at you. The blast of cold hits you!
* * * LOW HITPOINT WARNING * * *
You slash the ice dragon!
The ice dragon is severely wounded.
You block the fire giant's attack.
You barely miss the ice dragon.
The ice dragon is severely wounded.
You block the ice dragon's attack. The ice dragon completely misses you.
The ice dragon misses you.
You slice the ice dragon like a ripe choko!!!
You kill the ice dragon!
Okawaru accepts your kill.
The ice dragon scales are intact enough to wear.
The fire giant casts a spell at you.
The fireball explodes!
The fireball engulfs you! You resist.
You die...

................#.#
P.......P .......#
♣♣P.P♣♣♣. ♣♣♣P...#
♣..P♣ .. ♣....#####
♣♣P..♣♣♣P. ♣♣♣........#
P.......P. ..P.........
.......... ...........#
PP....PP...P...5.[#####
♣♣...♣♣♣...♣♣♣..@.#
♣...♣ ♣..P♣ ♣.C).#####
♣♣P..♣♣♣P..♣♣♣...)....#
.P.........P....#......
............)...'.....#
PP..............#.#####
♣♣...♣♣♣...♣♣♣..#'#
♣...♣ ♣...♣ ♣....#
♣♣..P♣♣♣P.P♣♣♣....#


You could see a fire giant and a friendly iron imp.

Vanquished Creatures
  2 ancient liches (Vaults:5)
  2 golden dragons (Vaults:5)
  Arachne (Spider:2)
  Jorgrun (Shoals:2)
  A tentacled monstrosity (Vaults:5)
  2 liches
  A quicksilver dragon (Vaults:5)
  3 titans (Vaults:5)
  5 shadow dragons
  An ancient champion (Vaults:3)
  Agnes (D:15)
  A shadow dragon (shapeshifter) (Vaults:5)
  Kirke (Shoals:1)
  5 sphinxes
  A storm dragon (Vaults:5)
  2 fire giants (Vaults:3)
  4 tengu reavers (Vaults:5)
  An iron dragon (Vaults:3)
  8 frost giants
  16 vault wardens
  A balrug (Depths:1)
  2 orc warlords
  4 emperor scorpions
  6 ghost moths
  10 ironheart preservers
  Aizul (Vaults:2)
  2 war gargoyles
  17 stone giants
  3 vampire knights (Vaults:3)
  13 very ugly things
  2 deep elf demonologists (Vaults:5)
  5 entropy weavers
  A deep elf annihilator (Vaults:2)
  5 spark wasps
  Azrael (D:15)
  A merfolk javelineer (Shoals:4)
  3 deep elf death magi (Vaults:5)
  17 ettins
  A crystal guardian (Vaults:3)
  7 merfolk impalers
  4 deep elf high priests (Vaults:5)
  A minotaur (Lab)
  5 fire dragons
  5 great orbs of eyes
  10 ice dragons
  17 yaktaur captains
  5 rakshasas
  Fannar (Lair:3)
  26 vault guards
  7 hydras
  A catoblepas (Lair:2)
  A death knight (D:15)
  3 merfolk avatars
  4 alligator snapping turtles
  4 deep troll shamans
  2 death yaks (Lair:4)
  7 centaur warriors
  17 ogre magi
  11 deep troll earth magi
  A tengu warrior (Depths:2)
  2 vampire magi (Depths:2)
  7 deep elf knights
  A sun demon (Depths:1)
  8 sea snakes
  2 glowing orange brains
  5 unseen horrors
  4 wizards
  8 hill giants
  A deep elf archer (Vaults:4)
  5 phantasmal warriors
  18 deep trolls
  25 ironbrand convokers
  A necromancer (Vaults:3)
  4 deep elf magi
  18 orb spiders
  26 ugly things
  8 orc knights
  15 harpies
  39 wolf spiders
  A faun (Shoals:1)
  2 oklob plants (Lair:5)
  5 manticores
  A moth of wrath (shapeshifter) (Depths:1)
  2 orc sorcerers
  5 elephants (Lair:6)
  A moth of wrath (Spider:3)
  An eye of devastation (Lair:5)
  9 sirens
  13 cyclopes
  An elephant (shapeshifter) (Vaults:5)
  3 black mambas
  5 water nymphs
  15 vault sentinels
  A torpor snail (shapeshifter) (Vaults:5)
  3 torpor snails
  A gargoyle (D:15)
  3 centaur skeletons
  18 spiny frogs
  A yaktaur (shapeshifter) (Vaults:3)
  7 freezing wraiths
  14 rime drakes
  A kobold demonologist (Depths:1)
  9 komodo dragons
  12 demonic crawlers
  33 yaktaurs
  An efreet (D:15)
  A tengu conjurer (Depths:2)
  11 merfolk
  6 trolls
  A jumping spider (shapeshifter) (Vaults:4)
  4 meliai
  33 jumping spiders
  8 hornets
  A wind drake (shapeshifter) (Vaults:1)
  2 polar bears (Lair:6)
  19 two-headed ogres
  5 blink frogs
  17 slime creatures
  3 wind drakes
  A hippogriff (shapeshifter) (Vaults:5)
  7 snapping turtles
  16 hippogriffs
  73 redbacks
  A redback (shapeshifter) (Vaults:5)
  2 shadows
  4 wraiths
  9 wyverns
  6 water elementals
  3 hogs (Shoals:1)
  26 tarantellas
  3 fire elementals (D:15)
  4 basilisks
  37 yaks
  A steam dragon (Lair:4)
  A hungry ghost (D:9)
  5 mottled dragons
  A soldier ant (D:13)
  18 water moccasins
  5 wargs
  11 porcupines
  A floating eye (shapeshifter) (Vaults:5)
  4 hell hounds
  27 orc warriors
  A phantom (D:9)
  3 ice beasts
  5 sky beasts
  3 eyes of draining
  3 black bears
  4 necrophages
  48 ogres
  19 wolves
  3 boggarts (D:15)
  20 centaurs
  10 crocodiles
  4 big kobolds
  12 bullfrogs
  5 scorpions
  10 killer bees
  A human simulacrum (Vaults:4)
  8 wights
  2 howler monkeys
  3 crimson imps
  4 centaur zombies
  A quasit (D:10)
  10 orc priests
  8 hounds
  6 jellies
  2 bullfrog skeletons
  A gnoll shaman (D:7)
  24 orc wizards
  An iguana (D:9)
  4 hell rats (Lair:1)
  9 worker ants
  3 killer bee zombies
  8 gnolls
  8 adders
  4 shadow imps
  2 oozes (D:1)
  An adder skeleton (D:8)
  4 worms
  2 dart slugs
  5 leopard geckos
  85 orcs
  6 bats
  5 giant cockroaches
  5 goblins
  5 hobgoblins
  10 jackals
  7 quokkas
  A ball python (D:2)
  4 frilled lizards
  A giant cockroach zombie (D:5)
  A jackal skeleton (D:5)
  A kobold (shapeshifter) (Vaults:5)
  19 kobolds
  A leopard gecko skeleton (D:7)
  13 rats
1470 creatures vanquished.

Vanquished Creatures (collateral kills)
  A fire giant (Depths:2)
  A frost giant (Depths:1)
  A vault warden (Vaults:5)
  A merfolk impaler (Shoals:4)
  A vault guard (Vaults:4)
  A harpy (Shoals:3)
  A hill giant (D:11)
  A deep elf mage (D:15)
  An ugly thing (Depths:1)
  A wolf spider (Spider:3)
  A cyclops (Orc:2)
  A black mamba (Lair:1)
  An elephant (Lair:6)
  A torpor snail (Spider:2)
  A spiny frog (Lair:4)
  A rime drake (Lair:5)
  2 yaktaurs (Vaults:4)
  A troll (Orc:2)
  A two-headed ogre (Vaults:4)
  2 hippogriffs
  A blink frog (Lair:1)
  A slime creature (D:10)
  A tarantella (Spider:2)
  A redback (Spider:2)
  A wyvern (D:10)
  4 yaks
  A porcupine (Lair:1)
  2 water moccasins
  A sky beast (D:10)
  5 ogres
  A big kobold (shapeshifter) (Vaults:5)
  A crimson imp (D:6)
  2 hounds
  An adder (D:5)
  An ooze (D:5)
  5 orcs
  A kobold (D:12)
52 creatures vanquished.

Vanquished Creatures (others)
  A lich (Vaults:5)
  A tengu reaver (Vaults:4)
  A deep troll (Vaults:5)
  An unseen horror (shapeshifter) (Vaults:3)
  A wizard (D:5)
  A cyclops (Vaults:1)
  3 yaktaurs
  2 ogres
  2 orcs
  4 bushes (Depths:2)
  14 fungi
  55 plants
86 creatures vanquished.

Grand Total: 1608 creatures vanquished

Notes
Turn   | Place    | Note
-------+----------+-------------------------------------------
     0 | D:1      | RedPan the Demonspawn Gladiator began the quest for the Orb.
     0 | D:1      | Reached XP level 1. HP: 16/16 MP: 1/1
    33 | D:1      | Reached skill level 3 in Long Blades
    57 | D:1      | Gained mutation: A weak demonic guardian rushes to your aid. [demonic ancestry]
    57 | D:1      | Reached XP level 2. HP: 20/22 MP: 2/2
   603 | D:1      | Gained mutation: You are partially covered in yellow scales. (AC +2) [demonic ancestry]
   603 | D:1      | Reached XP level 3. HP: 20/27 MP: 3/3
   604 | D:1      | Reached skill level 4 in Long Blades
  1207 | D:2      | HP: 1/27 [gnoll/spear (6)]
  1219 | D:2      | Gained mutation: You are mostly covered in yellow scales. (AC +3) [demonic ancestry]
  1219 | D:2      | Reached XP level 4. HP: 16/33 MP: 4/4
  1542 | D:2      | Found a faded altar of an unknown god.
  1542 | D:2      | Found a faded altar of an unknown god.
  1548 | D:2      | Found a faded altar of an unknown god.
  1552 | D:2      | Found a hide-covered altar of Uskayaw.
  1555 | D:2      | Found a faded altar of an unknown god.
  2085 | D:2      | Found a shattered altar of Ashenzari.
  2089 | D:2      | Reached skill level 5 in Long Blades
  2786 | D:3      | Found a hazy altar of Hepliaklqana.
  2904 | D:3      | Gained mutation: You are slightly more attuned to the shadows. [demonic ancestry]
  2904 | D:3      | Reached XP level 5. HP: 35/38 MP: 5/5
  3392 | D:4      | Found a white marble altar of Elyvilon.
  3723 | D:4      | Reached skill level 6 in Long Blades
  3765 | D:4      | Noticed an ogre
  3769 | D:4      | Killed an ogre
  3769 | D:4      | Gained mutation: You are completely covered in yellow scales. (AC +4, rCorr) [demonic ancestry]
  3769 | D:4      | Reached XP level 6. HP: 36/44 MP: 6/6
  4111 | D:4      | Found a sacrificial altar of Ru.
  4123 | D:4      | Noticed a hippogriff
  4135 | D:4      | Killed a hippogriff
  4202 | D:4      | Found a stormy altar of Qazlal.
  4341 | D:4      | Reached skill level 7 in Long Blades
  4465 | D:5      | Entered Level 5 of the Dungeon
  4480 | D:5      | Noticed a water moccasin
  4482 | D:5      | Reached XP level 7. HP: 44/50 MP: 7/7
  4830 | D:5      | Found a staircase to the Ecumenical Temple.
  4844 | Temple   | Entered the Ecumenical Temple
  4967 | Temple   | Became a worshipper of Warmaster Okawaru
  5076 | D:5      | Found Icso's Gadget Emporium.
  5219 | D:5      | Found a bloodstained altar of Trog.
  5221 | D:5      | Noticed a wizard
  5226 | D:5      | Killed a wizard
  5455 | D:6      | Reached XP level 8. HP: 14/60 MP: 8/8
  5708 | D:6      | Reached skill level 5 in Dodging
  5967 | D:6      | Reached * piety under Okawaru
  6917 | D:7      | Reached skill level 1 in Invocations
  7548 | D:7      | Reached XP level 9. HP: 65/65 MP: 10/10
  7765 | D:8      | Found Upuricogy's Antique Weapon Boutique.
  7781 | D:8      | Reached skill level 8 in Long Blades
  7792 | D:8      | Bought a great sword for 201 gold pieces
  7855 | D:8      | Found a staircase to the Lair.
  8303 | D:8      | Reached ** piety under Okawaru
  8632 | D:8      | Reached skill level 5 in Invocations
  8863 | D:9      | Found Timpin's Assorted Antiques.
  8870 | D:9      | Bought a scroll of identify for 64 gold pieces
  8877 | D:9      | Reached skill level 9 in Long Blades
  8927 | D:9      | Reached *** piety under Okawaru
  8996 | D:9      | Reached skill level 10 in Long Blades
  9293 | D:9      | Gained mutation: You are significantly more attuned to the shadows. [demonic ancestry]
  9293 | D:9      | Reached XP level 10. HP: 71/71 MP: 12/14
  9596 | D:10     | Entered Level 10 of the Dungeon
  9818 | D:10     | Got a smoking falchion
  9819 | D:10     | Identified the +3 falchion of Equilibrium {protect, Str+5} (You found it on level 10 of the Dungeon)
  9929 | D:10     | Reached skill level 11 in Long Blades
  9932 | D:10     | Reached **** piety under Okawaru
  9943 | D:10     | Received a gift from Okawaru
 10147 | D:10     | Noticed a hill giant
 10160 | D:10     | Killed a hill giant
 10160 | D:10     | Received a gift from Okawaru
 10160 | D:10     | Reached skill level 12 in Long Blades
 10632 | D:10     | Noticed a manticore
 10643 | D:10     | Killed a manticore
 10809 | D:10     | Received a gift from Okawaru
 10813 | D:10     | Received a gift from Okawaru
 11030 | D:10     | Reached XP level 11. HP: 61/77 MP: 12/15
 11253 | D:11     | Found a staircase to the Orcish Mines.
 11282 | D:11     | Noticed a five-headed hydra
 11451 | D:11     | Reached skill level 13 in Long Blades
 11661 | D:11     | Noticed a hill giant
 11673 | D:11     | Killed a hill giant
 12090 | D:11     | Reached ***** piety under Okawaru
 12118 | D:11     | Found Aploedd's Food Shoppe.
 12158 | D:11     | Killed an unseen horror
 12158 | D:11     | Reached skill level 5 in Fighting
 12683 | Lair:1   | Entered Level 1 of the Lair of Beasts
 13406 | Lair:1   | Received a gift from Okawaru
 13981 | Lair:1   | Noticed an eight-headed hydra
 14596 | Lair:2   | Got a jewelled ring mail
 14607 | Lair:2   | Identified the +2 ring mail of the Trilobite {Dex+2 SInv} (You found it on level 2 of the Lair of Beasts)
 14636 | Lair:2   | Noticed a catoblepas
 14673 | Lair:2   | Killed a catoblepas
 14673 | Lair:2   | Reached XP level 12. HP: 14/87 MP: 13/19
 15108 | Lair:2   | Reached skill level 10 in Invocations
 15149 | Lair:2   | Reached skill level 10 in Dodging
 15626 | Lair:2   | Found a hole to the Spider Nest.
 16164 | Lair:3   | Noticed Fannar
 16201 | Lair:3   | Killed Fannar
 16262 | Lair:3   | Found a labyrinth entrance.
 16310 | Lab      | Entered a labyrinth
 16516 | Lab      | Noticed a minotaur
 16531 | Lab      | Killed a minotaur
 16654 | Lair:3   | Received a gift from Okawaru
 17023 | Lair:3   | Found a staircase to the Shoals.
 17763 | Lair:4   | Noticed a seven-headed hydra
 17809 | Lair:4   | Killed a 19-headed hydra
 18076 | Lair:4   | Received a gift from Okawaru
 18447 | Lair:4   | Noticed a death yak
 18448 | Lair:4   | Noticed a death yak
 18491 | Lair:4   | Killed a death yak
 18530 | Lair:4   | Killed a death yak
 18570 | Lair:4   | Gained mutation: Your magical and physical power is slightly enhanced at high health. [demonic ancestry]
 18570 | Lair:4   | Reached XP level 13. HP: 77/101 MP: 20/20
 19989 | Lair:5   | Found a staircase to the Slime Pits.
 20736 | Lair:6   | Entered Level 6 of the Lair of Beasts
 20770 | Lair:6   | Reached skill level 10 in Fighting
 21782 | Lair:6   | Received a gift from Okawaru
 22152 | Lair:6   | Reached skill level 1 in Shields
 22604 | Lair:6   | Reached skill level 14 in Long Blades
 22917 | Lair:6   | Reached XP level 14. HP: 103/110 MP: 21/21
 22980 | Lair:6   | Received a gift from Okawaru
 22981 | Lair:6   | Got an ancient ring mail {god gift}
 23543 | Lair:2   | Identified the +3 ring mail of Zemeim {rF+ rCorr Dex+4 Stlth+} (Okawaru gifted it to you on level 6 of the Lair of Beasts)
 23612 | Lair:2   | Gained mutation: You are agile. (Dex +2) [potion of beneficial mutation]
 24440 | D:12     | Found Zurizam's Book Shoppe.
 24725 | D:12     | Reached skill level 5 in Shields
 25406 | D:13     | Gained mutation: You have a pair of small horns on your head. [potion of beneficial mutation]
 26032 | D:14     | Found Bapnadem's Antique Armour Emporium.
 26040 | D:14     | Bought a runed cloak for 367 gold pieces
 26053 | D:14     | Bought a crude ring mail for 315 gold pieces
 26053 | D:14     | Identified the +4 ring mail "Bicwaz" {Int+4 SInv} (You bought it in a shop on level 14 of the Dungeon)
 26056 | D:14     | Lost mutation: You are agile. (Dex +2) [potion of cure mutation]
 26056 | D:14     | Lost mutation: You have a pair of small horns on your head. [potion of cure mutation]
 26316 | D:14     | Reached skill level 15 in Long Blades
 26464 | D:14     | Found a gate to the Vaults.
 26615 | D:14     | Received a gift from Okawaru
 26889 | D:15     | Entered Level 15 of the Dungeon
 26926 | D:15     | Noticed Agnes
 26949 | D:15     | Killed Agnes
 27103 | D:15     | Found a staircase to the Depths.
 28101 | D:15     | Gained mutation: You have sharp toenails. [demonic ancestry]
 28101 | D:15     | Reached XP level 15. HP: 118/118 MP: 22/22
 28374 | D:15     | Noticed Azrael
 28402 | D:15     | Killed Azrael
 28860 | Orc:1    | Entered Level 1 of the Orcish Mines
 29287 | Orc:2    | Entered Level 2 of the Orcish Mines
 29287 | Orc:2    | Noticed an orc warlord
 29301 | Orc:2    | Killed an orc warlord
 29501 | Orc:2    | Found Gumav's Jewellery Boutique.
 29708 | Orc:2    | Found Rawarr's Antique Armour Shoppe.
 29741 | Orc:2    | Bought a pair of embroidered gloves for 252 gold pieces
 29839 | Orc:2    | Found a staircase to the Elven Halls.
 29904 | Orc:2    | Found Duphaub's Antique Weapon Shoppe.
 29940 | Orc:2    | Found Yvaud's General Store.
 30231 | Orc:2    | Found a roughly hewn altar of Beogh.
 30446 | Orc:2    | Bought an uncursed ring of poison resistance for 360 gold pieces
 30649 | Spider:1 | Entered Level 1 of the Spider Nest
 30876 | Spider:1 | Reached skill level 10 in Shields
 30912 | Spider:1 | Received a gift from Okawaru
 31436 | Spider:1 | Received a gift from Okawaru
 32173 | Spider:2 | Noticed Arachne
 32201 | Spider:2 | Killed Arachne
 32210 | Spider:2 | Reached XP level 16. HP: 81/130 MP: 23/23
 32931 | Spider:3 | Reached ****** piety under Okawaru
 33497 | Spider:3 | Received a gift from Okawaru
 34400 | Spider:4 | Entered Level 4 of the Spider Nest
 34584 | Spider:4 | Reached skill level 16 in Long Blades
 36272 | Spider:4 | Received a gift from Okawaru
 36680 | Spider:4 | Got a gossamer rune of Zot
 36709 | Spider:4 | Reached XP level 17. HP: 136/136 MP: 0/24
 37125 | Vaults:1 | Entered Level 1 of the Vaults
 37224 | Vaults:1 | Reached skill level 17 in Long Blades
 37846 | Vaults:1 | Identified Geukh's Papyrus of Confrontation and Beguiling
 37950 | Vaults:1 | Found Deiceam's Book Shop.
 38528 | Vaults:2 | Reached skill level 1 in Armour
 38691 | Vaults:2 | Received a gift from Okawaru
 39947 | Vaults:2 | Noticed Aizul
 39964 | Vaults:2 | Killed Aizul
 40849 | Vaults:2 | Reached skill level 5 in Armour
 40919 | Vaults:2 | Reached skill level 18 in Long Blades
 41054 | Vaults:3 | Received a gift from Okawaru
 41066 | Vaults:3 | Reached XP level 18. HP: 130/143 MP: 19/25
 41419 | Shoals:1 | Entered Level 1 of the Shoals
 41660 | Shoals:1 | Noticed Kirke
 42553 | Shoals:1 | Killed Kirke
 42744 | Shoals:2 | Noticed Jorgrun
 42758 | Shoals:2 | Killed Jorgrun
 43751 | Shoals:2 | Noticed Roxanne
 43853 | Shoals:4 | Entered Level 4 of the Shoals
 43925 | Shoals:4 | Received a gift from Okawaru
 44153 | Shoals:4 | Identified the Catalogue of Confrontation
 44437 | Shoals:4 | Got a barnacled rune of Zot
 45175 | Vaults:3 | Reached skill level 19 in Long Blades
 45277 | Vaults:3 | Paralysed by a vampire knight for 3 turns
 45493 | Vaults:3 | Paralysed by a great orb of eyes for 7 turns
 45846 | Vaults:3 | Found Hurruro's Weapon Boutique.
 45856 | Vaults:3 | Reached skill level 10 in Armour
 45943 | Vaults:3 | Received a gift from Okawaru
 45970 | Vaults:3 | Gained mutation: You have razor-sharp toenails. [demonic ancestry]
 45970 | Vaults:3 | Reached XP level 19. HP: 54/149 MP: 23/26
 46257 | Vaults:3 | Found Ysuess's Book Boutique.
 46273 | Vaults:3 | Found a staircase to the Crypt.
 46865 | Vaults:3 | Received a gift from Okawaru
 47565 | Vaults:3 | Identified a scroll of acquirement
 47601 | Vaults:4 | Reached skill level 1 in Evocations
 47789 | Vaults:4 | Found Edigyet's Weapon Shoppe.
 48483 | Vaults:4 | Received a gift from Okawaru
 48484 | Vaults:4 | Got an iridescent long sword {god gift}
 48485 | Vaults:4 | Identified the +5 long sword "Eduqoe" {flame, +Rage Str+5} (Okawaru gifted it to you on level 4 of the Vaults)
 48533 | Vaults:4 | Found a burning altar of Makhleb.
 49176 | Vaults:4 | Reached skill level 5 in Evocations
 49635 | Vaults:4 | Received a gift from Okawaru
 49937 | Vaults:5 | Entered Level 5 of the Vaults
 49987 | Vaults:5 | Noticed an iron giant
 49992 | Vaults:5 | an iron giant changed into a shadow dragon
 50001 | Vaults:5 | Noticed a golden dragon
 50036 | Vaults:5 | Killed a golden dragon
 50044 | Vaults:5 | Noticed an ancient lich
 50091 | Vaults:5 | Received a gift from Okawaru
 50092 | Vaults:5 | Got a bloodstained long sword {god gift}
 50124 | Vaults:5 | Noticed an iron giant
 50124 | Vaults:5 | a sphinx changed into an iron giant
 50127 | Vaults:5 | an iron giant changed into a shadow dragon
 50128 | Vaults:5 | Noticed a caustic shrike
 50128 | Vaults:5 | a shadow dragon changed into a caustic shrike
 50132 | Vaults:5 | Noticed a golden dragon
 50132 | Vaults:5 | a caustic shrike changed into a golden dragon
 50134 | Vaults:5 | a golden dragon changed into an iron dragon
 50138 | Vaults:5 | Noticed a caustic shrike
 50138 | Vaults:5 | an iron dragon changed into a caustic shrike
 50141 | Vaults:5 | Noticed an iron giant
 50141 | Vaults:5 | a caustic shrike changed into an iron giant
 50161 | Vaults:5 | Noticed a caustic shrike
 50161 | Vaults:5 | an iron giant changed into a caustic shrike
 50172 | Vaults:5 | a caustic shrike changed into a shadow dragon
 50189 | Vaults:5 | Reached XP level 20. HP: 77/160 MP: 22/27
 50314 | Vaults:5 | Reached skill level 15 in Fighting
 50357 | Vaults:5 | Paralysed by a sphinx for 2 turns
 50367 | Vaults:5 | Received a gift from Okawaru
 50368 | Vaults:5 | Got an iridescent falchion {god gift}
 50634 | Vaults:5 | Got an encrusted plate armour
 51355 | Vaults:5 | Received a gift from Okawaru
 51355 | Vaults:5 | Reached skill level 10 in Evocations
 51374 | Vaults:5 | Got a fine glass ring
 51585 | Vaults:5 | Noticed an ancient lich
 51608 | Vaults:5 | Killed an ancient lich
 52173 | Vaults:5 | Noticed a golden dragon
 52198 | Vaults:5 | Killed a golden dragon
 53081 | Vaults:4 | Gained mutation: You are completely attuned to the shadows. [demonic ancestry]
 53081 | Vaults:4 | Reached XP level 21. HP: 172/172 MP: 29/29
 53466 | Vaults:4 | Received a gift from Okawaru
 53467 | Vaults:4 | Got a brightly glowing hat {god gift}
 53478 | Vaults:4 | Identified the +0 hat "Manyjob" {rPois Dex+3} (Okawaru gifted it to you on level 4 of the Vaults)
 54236 | Vaults:5 | Killed an ancient lich
 54360 | Vaults:5 | Got a silver rune of Zot
 54698 | Vaults:5 | Identified the +3 plate armour "Plog" {MR++} (You found it on level 5 of the Vaults)
 55031 | Lair:2   | Identified the ring of Xurr {Fire Int+4} (You took it off a vault guard on level 5 of the Vaults)
 55041 | Lair:2   | Identified the +1 falchion of the Hierophant {flame, rC++} (Okawaru gifted it to you on level 5 of the Vaults)
 55266 | Depths:1 | Entered Level 1 of the Depths
 55339 | Depths:1 | Found a glowing golden altar of the Shining One.
 55399 | Depths:1 | Received a gift from Okawaru
 55580 | Depths:1 | Found a one-way gate to the infinite horrors of the Abyss.
 55807 | Depths:1 | Found a gateway to Hell.
 55947 | Depths:1 | Found a one-way gate leading to the halls of Pandemonium.
 56891 | Depths:2 | HP: 3/178 [white very ugly thing (51)]
 57033 | Depths:2 | HP: 8/178 [frost giant/bolt of cold (2)]
 57396 | Depths:2 | Gained mutation: Your magical and physical power is enhanced at high health. [demonic ancestry]
 57396 | Depths:2 | Reached XP level 22. HP: 126/185 MP: 31/31
 57416 | Depths:2 | Reached skill level 15 in Dodging
 57417 | Depths:2 | HP: 4/185 [frost giant/bolt of cold (22)]
 57431 | Depths:2 | HP: 5/185 [fire giant/bolt of fire (22)]
 57446 | Depths:2 | HP: 6/185 [ice dragon/blast of cold (23)]
 57450 | Depths:2 | HP: 2/185 [ice dragon/blast of cold (5)]
 57454 | Depths:2 | Killed from afar by a fire giant

Skill      XL: |  1  2  3  4  5  6  7  8  9 10 11 12 13 14 15 16 17 18 19 20 21 22 |
---------------+-------------------------------------------------------------------+-----
Long Blades    | 3 4 5 6 7 10 12 13 14 15 16 18 19 | 19.0
Dodging        | 4 7 9 11 13 14 15 | 15.2
Fighting       | 4 5 9 10 11 13 14 16 18 | 18.3
Invocations    | 2 6 9 10 | 10.0
Shields        | 3 8 11 13 14 | 14.1
Armour         | 5 10 12 | 12.3
Evocations     | 7 11 12 | 12.0
Throwing       | |  1.7

Action                   |  1- 3 |  4- 6 |  7- 9 | 10-12 | 13-15 | 16-18 | 19-21 | 22-24 || total
-------------------------+-------+-------+-------+-------+-------+-------+-------+-------++-------
Melee: Long sword        |   103 |   178 |   256 |       |       |       |       |       ||   537
       Great sword       |       |       |   119 |    60 |       |       |       |       ||   179
       Falchion          |       |       |       |  1040 |  1455 |       |       |       ||  2495
       Punch             |       |       |       |    28 |       |       |       |       ||    28
       Headbutt          |       |       |       |       |    84 |       |       |       ||    84
       Scimitar          |       |       |       |       |   382 |       |       |       ||   382
       Double sword      |       |       |       |       |   118 |  1826 |  2181 |    41 ||  4166
       Unarmed           |       |       |       |       |       |    20 |       |       ||    20
Invok: Heroism           |       |       |     6 |    28 |    23 |    27 |    30 |     1 ||   115
       Finesse           |       |       |       |     7 |    10 |    11 |    17 |       ||    45
Evoke: Wand              |       |       |       |     2 |    21 |       |    30 |     2 ||    55
  Use: Potion            |     1 |       |       |     3 |    16 |     5 |    17 |     5 ||    47
       Scroll            |       |    12 |     6 |    14 |    19 |     9 |    21 |       ||    81
 Stab: Sleeping          |     1 |     9 |     7 |    20 |    26 |    36 |     7 |       ||   106
       Distracted        |       |       |     2 |    13 |    18 |    28 |    28 |       ||    89
       Petrified         |       |       |       |     1 |       |       |       |       ||     1
       Confused          |       |       |       |     5 |     4 |       |       |       ||     9
       Invisible         |       |       |       |       |     5 |     1 |     2 |       ||     8
       Held in net/web   |       |       |       |       |       |     1 |       |       ||     1
  Eat: Chunk             |     1 |     6 |    13 |    17 |    26 |    14 |    15 |       ||    92
       Bread ration      |       |     1 |       |     1 |     4 |     1 |     4 |       ||    11
       Meat ration       |       |       |     1 |     1 |     1 |     4 |     1 |       ||     8
       Fruit             |       |       |       |     3 |     5 |       |       |       ||     8
       Pizza             |       |       |       |       |     2 |     2 |     1 |       ||     5
Armor: Leather armour    |    41 |    54 |    98 |   135 |       |       |       |       ||   328
       Ring mail         |       |       |       |   127 |   272 |   298 |   396 |     6 ||  1099
       Mottled dragon sc |       |       |       |     7 |   229 |       |       |       ||   236
Dodge: Dodged            |    65 |   116 |   367 |   859 |  1718 |  1045 |  1019 |    38 ||  5227
Block: Buckler           |       |       |       |    14 |   833 |  1104 |  1233 |    22 ||  3206
       Reflection        |       |       |       |       |       |    37 |    33 |       ||    70
       Other             |       |       |       |       |       |    12 |       |       ||    12
       Rpst.: Long sword |    21 |    39 |    55 |       |       |       |       |       ||   115
       Great sword       |       |       |    40 |    10 |       |       |       |       ||    50
       Falchion          |       |       |       |   203 |   232 |       |       |       ||   435
       Scimitar          |       |       |       |       |    56 |       |       |       ||    56
       Double sword      |       |       |       |       |    24 |   188 |   184 |     4 ||   400
